Map: Acid Plant LE

Players

Probe

  • Race: Protoss Protoss
  • Spawn Location: 5:00

Bioice - Winner!

  • Race: Zerg Zerg
  • Spawn Location: 11:00

Event: WCS Austin 2018

VOD

Have the link to the VOD?

Description

Time

  • Played on: June 1, 2018, 2:03 p.m.
  • Length: 10:05

All games in this series

Show
View Real Time Build Order
Export as new Build Order

Probe Protoss 

Build Orders: 1 Gate Expand, Oracle Opening, Phoenix Opening, Zealot Archon, Archon Drop 

Get SALT Encoding   

  12  0:00  Probe  
  13  0:12  Probe  
  14  0:18  Pylon  
  14  0:25  Probe  
  15  0:35  Probe  
  15  0:37  Gateway  
  16  0:43  Probe  
  16  0:49  Assimilator  
  17  0:53  Probe  
  18  1:05  Probe  
  19  1:17  Probe  
  20  1:25  Nexus  
  20  1:34  Cybernetics Core  
  20  1:37  Probe  
  21  1:44  Assimilator  
  21  1:49  Probe  
  21  1:52  Pylon  
  22  2:01  Probe  
  22  2:02  Adept  
  23  2:09  Probe  
  26  2:17  Probe  
  26  2:22  Stargate  
  27  2:28  Probe  
  30  2:32  Warp Gate  
  30  2:34  Probe  
  30  2:35  Adept  
  30  2:40  Probe  
  30  2:42  Probe  
  33  2:52  Probe  
  33  2:55  Probe  
  33  2:57  Phoenix  
  35  3:02  Adept  
  35  3:04  Probe  
  40  3:07  Probe  
  40  3:08  Pylon  
  41  3:16  Probe  
  41  3:18  Oracle  
  41  3:19  Probe  
  43  3:20  Gateway  
  46  3:28  Probe  
  46  3:31  Probe  
  48  3:34  Pylon  
  48  3:40  Probe  
  49  3:43  Probe  
  49  3:47  Assimilator x2  
  50  3:52  Probe  
  50  3:55  Probe  
  52  3:56  Robotics Facility  
  52  4:04  Probe  
  52  4:06  Twilight Council  
  52  4:07  Probe  
  54  4:17  Pylon, Probe  
  55  4:19  Probe  
  55  4:23  Charge  
  56  4:29  Probe  
  56  4:30  Gateway x2  
  57  4:33  Warp Prism  
  57  4:34  Probe  
  58  4:39  Pylon  
  58  4:41  Probe  
  58  4:45  Templar Archives  
  61  4:54  Pylon  
  61  4:56  Zealot  
  61  4:57  Zealot  
  65  5:02  Gateway  
  65  5:04  Gateway  
  64  5:12  Observer, Probe  
  64  5:19  Gateway  
  64  5:20  Pylon  
  64  5:32  Zealot x2  
  64  5:34  Zealot x2  
  72  5:38  Nexus  
  72  5:40  Probe x2  
  74  5:58  Pylon  
  74  5:59  High Templar x4  
  74  6:01  Probe  
  83  6:05  Zealot x2  
  83  6:07  Archon x2  
  87  6:13  Probe  
  87  6:16  Sentry  
  90  6:31  Zealot x4  
  86  6:34  Zealot x4  
  86  6:38  Probe  
  81  6:42  Probe  
  82  6:49  Immortal  
  82  6:50  Probe  
  82  6:51  Probe  
  88  6:54  High Templar x2  
  88  6:55  Zealot x2, Probe  
  88  6:56  Zealot  
  88  6:59  Archon  
  99  7:02  Psionic Storm, Probe  
  99  7:03  Probe  
  99  7:05  Pylon, Forge  
  99  7:06  Pylon x2  
  101  7:09  Pylon  
  98  7:23  Zealot x5  
  106  7:30  Sentry, Immortal  
  106  7:31  Sentry  
  108  7:51  Zealot x5  
  112  7:59  Nexus  
  112  8:03  Observer  
  112  8:05  High Templar x2  
  117  8:16  High Templar, Pylon  
  119  8:24  Zealot x3  
  125  8:28  Archon  
  125  8:33  Pylon  
  121  8:35  Pylon  
  121  8:36  High Templar, Pylon  
  119  8:42  Probe  
  119  8:43  Probe  
  119  8:47  High Templar  
  123  8:58  Immortal  
  123  8:59  Probe  
  123  9:01  Assimilator  
  123  9:02  Assimilator  
  128  9:04  Zealot x5  
  138  9:17  High Templar  
  138  9:18  Probe  
  123  9:27  Zealot x4  
  103  9:35  High Templar  
  103  9:36  Zealot  
  96  9:51  Zealot x4  
  61  10:00  Zealot  
  61  10:01  Zealot  
Show
View Real Time Build Order
Export as new Build Order

Bioice Zerg - Winner!

Build Orders: Hatch First 

Get SALT Encoding   

  12  0:01  Drone  
  13  0:13  Overlord  
  13  0:17  Drone  
  14  0:33  Drone x2  
  16  0:49  Hatchery  
  15  0:52  Drone  
  15  0:56  Drone  
  17  0:59  Drone  
  18  1:07  Extractor  
  17  1:14  Spawning Pool  
  17  1:18  Drone  
  17  1:22  Drone  
  18  1:28  Drone  
  19  1:41  Drone  
  20  1:48  Hatchery  
  20  1:50  Drone  
  20  2:01  Drone x2  
  22  2:05  Queen  
  24  2:15  Overlord  
  24  2:20  Queen  
  26  2:25  Drone  
  26  2:26  Drone  
  28  2:33  Metabolic Boost  
  28  2:35  Zergling x2  
  28  2:36  Zergling x2  
  30  2:40  Drone  
  31  2:45  Drone  
  31  2:49  Queen  
  34  2:58  Zergling x4  
  36  2:59  Overlord  
  36  3:03  Queen  
  38  3:08  Overlord  
  38  3:10  Drone  
  39  3:15  Drone  
  39  3:16  Drone x2  
  39  3:19  Drone x2  
  44  3:22  Drone  
  44  3:23  Drone  
  46  3:28  Overlord  
  46  3:32  Overlord  
  46  3:37  Drone x3  
  46  3:39  Drone  
  50  3:42  Spore Crawler  
  50  3:44  Spore Crawler  
  50  3:46  Drone  
  49  3:51  Evolution Chamber  
  49  3:52  Extractor  
  47  3:56  Drone x2  
  47  3:57  Drone  
  47  3:58  Drone x2  
  52  4:07  Drone  
  52  4:08  Drone x3  
  55  4:12  Drone x2  
  55  4:16  Overlord  
  56  4:29  Overlord  
  56  4:30  Zergling x14  
  62  4:31  Queen  
  62  4:35  Zerg Melee Weapons Level 1  
  62  4:36  Queen  
  66  4:43  Zergling x8  
  70  4:46  Overlord  
  70  4:55  Drone x4  
  70  4:56  Drone x4  
  78  5:00  Overlord, Extractor  
  77  5:10  Lair  
  75  5:14  Drone  
  75  5:15  Drone x5  
  75  5:16  Baneling Nest  
  75  5:19  Overlord  
  75  5:21  Extractor  
  79  5:23  Queen  
  81  5:30  Queen  
  81  5:31  Zergling x8  
  81  5:35  Zergling x6  
  88  5:37  Zergling x4  
  88  5:40  Zergling x6  
  93  5:44  Zergling x4  
  93  5:49  Zergling x2  
  96  5:50  Zergling x2  
  96  5:54  Zergling x4  
  96  5:55  Zergling x2  
  96  5:57  Zergling x4  
  100  6:03  Baneling  
  100  6:04  Baneling x3  
  100  6:05  Zergling x2  
  100  6:11  Zergling x6  
  100  6:13  Baneling x3  
  103  6:19  Zergling x4  
  104  6:30  Zergling x2  
  95  6:35  Zergling x16  
  97  6:43  Hydralisk Den  
  97  6:46  Drone x3  
  94  6:49  Drone  
  94  6:50  Drone  
  94  6:52  Drone x4  
  100  6:54  Centrifical Hooks  
  100  6:55  Zerg Melee Weapons Level 2  
  100  6:56  Hatchery  
  100  6:58  Drone  
  100  6:59  Drone  
  101  7:04  Overlord  
  101  7:07  Extractor  
  101  7:08  Overlord, Extractor  
  100  7:10  Overlord  
  98  7:25  Hydralisk  
  98  7:27  Hydralisk x8  
  98  7:28  Hydralisk  
  114  7:32  Hydralisk  
  113  7:39  Zergling x10  
  113  7:43  Hydralisk  
  116  7:46  Zergling x2  
  116  7:48  Queen x2  
  116  7:49  Hydralisk x2  
  122  7:52  Zergling x2  
  122  7:53  Baneling x3  
  122  7:54  Baneling x9  
  122  7:57  Zergling x2  
  115  8:03  Queen, Baneling x2  
  117  8:15  Hydralisk x2  
  117  8:16  Zergling x2  
  117  8:17  Zergling x8  
  117  8:19  Overlord x2  
  126  8:28  Queen  
  117  8:42  Hydralisk  
  117  8:43  Hydralisk x3, Zergling x2  
  117  8:44  Zergling x14  
  132  8:52  Zergling x12  
  132  8:54  Hydralisk x2  
  142  8:56  Baneling  
  142  8:57  Baneling x3  
  142  8:58  Baneling  
  142  9:10  Zergling x2  
  142  9:11  Zergling x2  
  142  9:13  Overlord x3  
  142  9:16  Baneling  
  144  9:17  Baneling x7  
  136  9:28  Zergling x2  
  136  9:29  Zergling x16  
  139  9:33  Hydralisk  
  139  9:37  Zergling x2  
  133  9:39  Zergling x8  
Tags
 
Add a new tag
Caveats
  • Supply blocks, unpowered buildings, or Contaminate may cause inaccurate times.
  • Supply counts are checked every 10 seconds.